SL
PANAMA CITY PIRANHAS @ HOUSTON 1837 BBC
08/02/2022
 
TOP OF THE 1ST
Panama City Piranhas batting - Pitching for Houston 1837 BBC : RHP Jason Hubbell
Pitching: RHP Jason Hubbell
Batting: LHB Francisco Sánchez 0-0: Ball
1-0: Foul Ball, location: 2F
1-1: Ball
2-1: Called Strike
2-2: Ball
3-2: Foul Ball, location: 2F
3-2: Strikes out looking
Batting: LHB Herman Hayes 0-0: Called Strike
0-1: DOUBLE (Line Drive, 3L)
Batting: LHB Ye Der 0-0: Called Strike
0-1: Ball
1-1: Ball
2-1: Foul Ball, location: 2F
2-2: Ball
3-2: Ground out 4-3 (Groundball, 34)
Herman Hayes to third
Batting: LHB Steve Cunningham 0-0: Called Strike
0-1: Ball
1-1: Ball
2-1: Swinging Strike
2-2: Strikes out swinging
Top of the 1st over - 0 run(s), 1 hit(s), 0 error(s), 1 left on base; Panama City 0 - Houston 0
BOTTOM OF THE 1ST
Houston 1837 BBC batting - Pitching for Panama City Piranhas : RHP Richard Sykes
Pitching: RHP Richard Sykes
Batting: LHB Jack Robbins 0-0: Ball
1-0: Ball
2-0: Ball
3-0: Base on Balls
Batting: RHB Tracy Parker 0-0: Grounds into double play, 6-4-3 (Groundball, 6)
Batting: RHB Bob Dickerson 0-0: Foul Ball, location: 2F
0-1: Called Strike
0-2: Strikes out looking
Bottom of the 1st over - 0 run(s), 0 hit(s), 0 error(s), 0 left on base; Panama City 0 - Houston 0
TOP OF THE 2ND
Panama City Piranhas batting - Pitching for Houston 1837 BBC : RHP Jason Hubbell
Batting: SHB Marc Talamante 0-0: Ball
1-0: Ball
2-0: Called Strike
2-1: Foul Ball, location: 2F
2-2: Ball
3-2: Base on Balls
Batting: RHB Brad Perry 0-0: Swinging Strike
0-1: Fly out, F7 (Flyball, 78D)
Batting: RHB Guillermo Montoya 0-0: Fly out, F8 (Flyball, 8RD)
Batting: RHB Jeff Bass 0-0: Called Strike
0-1: Called Strike
0-2: Fielders Choice at 2nd, 5-4 (Groundball, 5)
Top of the 2nd over - 0 run(s), 0 hit(s), 0 error(s), 0 left on base; Panama City 0 - Houston 0
BOTTOM OF THE 2ND
Houston 1837 BBC batting - Pitching for Panama City Piranhas : RHP Richard Sykes
Batting: LHB José Marín 0-0: Ball
1-0: Ball
2-0: Swinging Strike
2-1: Called Strike
2-2: Strikes out swinging
Batting: LHB Mark McClear 0-0: Ground out 4-3 (Groundball, 4)
Batting: RHB Steve Hinkle 0-0: Ball
1-0: Ball
2-0: Called Strike
2-1: Foul Ball, location: 2F
2-2: Ground out 6-3 (Groundball, 6)
Bottom of the 2nd over - 0 run(s), 0 hit(s), 0 error(s), 0 left on base; Panama City 0 - Houston 0
TOP OF THE 3RD
Panama City Piranhas batting - Pitching for Houston 1837 BBC : RHP Jason Hubbell
Batting: RHB Cliff Dixon 0-0: Ball
1-0: Ball
2-0: Foul Ball, location: 2F
2-1: Foul Ball, location: 2F
2-2: Strikes out swinging
Batting: LHB Francisco Sánchez 0-0: Ball
1-0: Ball
2-0: Ball
3-0: Called Strike
3-1: Base on Balls
Batting: LHB Herman Hayes 0-0: Ball
1-0: Foul Ball, location: 2F
Error on foul ball, E2
1-2: Grounds into double play, 6-4-3 (Groundball, 6M)
Top of the 3rd over - 0 run(s), 0 hit(s), 1 error(s), 0 left on base; Panama City 0 - Houston 0
BOTTOM OF THE 3RD
Houston 1837 BBC batting - Pitching for Panama City Piranhas : RHP Richard Sykes
Batting: LHB Eugene Lawrence 0-0: Ball
1-0: Called Strike
1-1: Foul Ball, location: 2F
1-2: Ground out 4-3 (Groundball, 4M)
Batting: RHB Eric Randolph 0-0: Ground out 3-1 (Groundball, 34S)
Batting: LHB Mike Hanson 0-0: Ball
1-0: Ball
2-0: Fly out, F7 (Flyball, 7M)
Bottom of the 3rd over - 0 run(s), 0 hit(s), 0 error(s), 0 left on base; Panama City 0 - Houston 0
TOP OF THE 4TH
Panama City Piranhas batting - Pitching for Houston 1837 BBC : RHP Jason Hubbell
Batting: LHB Ye Der 0-0: Ball
1-0: Foul Ball, location: 2F
1-1: Ball
2-1: Ground out 4-3 (Groundball, 4)
Batting: LHB Steve Cunningham 0-0: Ball
1-0: Fly out, F8 (Flyball, 8LS)
Batting: SHB Marc Talamante 0-0: Foul Ball, location: 2F
0-1: Ball
1-1: Swinging Strike
1-2: Ground out 4-3 (Groundball, 4)
Top of the 4th over - 0 run(s), 0 hit(s), 0 error(s), 0 left on base; Panama City 0 - Houston 0
BOTTOM OF THE 4TH
Houston 1837 BBC batting - Pitching for Panama City Piranhas : RHP Richard Sykes
Batting: LHB Jack Robbins 0-0: Ball
1-0: Ground out 4-3 (Groundball, 4)
Batting: RHB Tracy Parker 0-0: Called Strike
0-1: Ball
1-1: Ground out 4-3 (Groundball, 4)
Batting: RHB Bob Dickerson 0-0: Ball
1-0: Called Strike
1-1: Ball
2-1: SINGLE (Groundball, 4M)
Batting: LHB José Marín 0-0: Called Strike
0-1: Ball
1-1: Foul Ball, location: 2F
1-2: Ball
2-2: SINGLE (Line Drive, 34)
Bob Dickerson to second
Batting: LHB Mark McClear 0-0: SINGLE (Line Drive, 56D)
Bob Dickerson to third
José Marín to second
Runner from 3rd tries for Home, SAFE, no throw or cutoff
Batting: RHB Steve Hinkle 0-0: Foul Ball, location: 2F
0-1: Ground out 5-3 (Groundball, 56)
Bottom of the 4th over - 1 run(s), 3 hit(s), 0 error(s), 2 left on base; Panama City 0 - Houston 1
TOP OF THE 5TH
Panama City Piranhas batting - Pitching for Houston 1837 BBC : RHP Jason Hubbell
Batting: RHB Brad Perry 0-0: Called Strike
0-1: SINGLE (Groundball, 5D)
Batting: RHB Guillermo Montoya 0-0: Called Strike
0-1: Ball
1-1: Ground out 4-3 (Groundball, 4S)
Brad Perry to second
Batting: RHB Jeff Bass 0-0: Ball
1-0: Called Strike
1-1: Called Strike
1-2: Ground out 1-3 (Groundball, 15S)
Batting: RHB Cliff Dixon 0-0: Ball
1-0: Ball
2-0: Fly out, F5 (Line Drive, 5D)
Top of the 5th over - 0 run(s), 1 hit(s), 0 error(s), 1 left on base; Panama City 0 - Houston 1
BOTTOM OF THE 5TH
Houston 1837 BBC batting - Pitching for Panama City Piranhas : RHP Richard Sykes
Batting: LHB Eugene Lawrence 0-0: Swinging Strike
0-1: Foul Ball, location: 2F
0-2: Ground out 6-3 (Groundball, 6M)
Batting: RHB Eric Randolph 0-0: Swinging Strike
0-1: Foul Ball, location: 2F
0-2: Strikes out swinging
Batting: LHB Mike Hanson 0-0: Ball
1-0: SINGLE (Line Drive, 4MD)
Batting: LHB Jack Robbins 0-0: Called Strike
Mike Hanson is caught stealing 2nd base
Bottom of the 5th over - 0 run(s), 1 hit(s), 0 error(s), 0 left on base; Panama City 0 - Houston 1
TOP OF THE 6TH
Panama City Piranhas batting - Pitching for Houston 1837 BBC : RHP Jason Hubbell
Batting: LHB Francisco Sánchez 0-0: Called Strike
0-1: Foul Ball, location: 2F
0-2: Strikes out swinging
Batting: LHB Herman Hayes 0-0: Called Strike
0-1: Fly out, F8 (Flyball, 8RM)
Batting: LHB Ye Der 0-0: Ball
1-0: Ball
2-0: Ball
3-0: Called Strike
3-1: Swinging Strike
3-2: Ground out 4-3 (Groundball, 4)
Top of the 6th over - 0 run(s), 0 hit(s), 0 error(s), 0 left on base; Panama City 0 - Houston 1
BOTTOM OF THE 6TH
Houston 1837 BBC batting - Pitching for Panama City Piranhas : RHP Richard Sykes
Batting: LHB Jack Robbins 0-0: Called Strike
0-1: Fly out, F7 (Popup, 7S)
Batting: RHB Tracy Parker 0-0: Ground out 6-3 (Groundball, 6)
Batting: RHB Bob Dickerson 0-0: Called Strike
0-1: Ball
1-1: Fly out, F6 (Popup, 8LS)
Bottom of the 6th over - 0 run(s), 0 hit(s), 0 error(s), 0 left on base; Panama City 0 - Houston 1
TOP OF THE 7TH
Panama City Piranhas batting - Pitching for Houston 1837 BBC : RHP Jason Hubbell
Batting: LHB Steve Cunningham 0-0: Called Strike
0-1: Foul Ball, location: 2F
0-2: Ball
1-2: Ground out 6-3 (Groundball, 6)
Batting: SHB Marc Talamante 0-0: Called Strike
0-1: SINGLE (Groundball, 4MD)
Batting: RHB Brad Perry 0-0: Called Strike
0-1: Ball
1-1: Ball
2-1: Foul Ball, location: 2F
2-2: Ball
3-2: Base on Balls
Marc Talamante to second
Batting: RHB Guillermo Montoya 0-0: Ball
1-0: Foul Ball, location: 2F
1-1: Ball
2-1: Ball
3-1: Called Strike
3-2: Base on Balls
Marc Talamante to third
Brad Perry to second
Pitching: RHP Shi-lin Li
Batting: RHB Jeff Bass 0-0: Fly out, F6 (Popup, 56)
Batting: RHB Cliff Dixon 0-0: Called Strike
0-1: Ball
1-1: Called Strike
1-2: Strikes out swinging
Top of the 7th over - 0 run(s), 1 hit(s), 0 error(s), 3 left on base; Panama City 0 - Houston 1
BOTTOM OF THE 7TH
Houston 1837 BBC batting - Pitching for Panama City Piranhas : RHP Richard Sykes
Batting: LHB José Marín 0-0: Called Strike
0-1: Foul Ball, location: 2F
0-2: Ball
1-2: Ball
2-2: Foul Ball, location: 2F
2-2: Foul Ball, location: 2F
2-2: Foul Ball, location: 2F
2-2: Fly out, F3 (Popup, 3SF)
Batting: LHB Mark McClear 0-0: Called Strike
0-1: Ground out 5-3 (Groundball, 56S)
Batting: RHB Steve Hinkle 0-0: Ball
1-0: SINGLE (Groundball, 6MD)
Pinch Hitting: RHB Kumanosuke Abe 0-0: Foul Ball, location: 2F
0-1: Fielders Choice at 2nd, U6 (Groundball, 6M)
Bottom of the 7th over - 0 run(s), 1 hit(s), 0 error(s), 1 left on base; Panama City 0 - Houston 1
TOP OF THE 8TH
Panama City Piranhas batting - Pitching for Houston 1837 BBC : RHP Shi-lin Li
Pitching: RHP Toshiro Saikawa
Now at SS: Kumanosuke Abe
Batting: LHB Francisco Sánchez 0-0: Ball
1-0: Ground out 1-3 (Groundball, 13S)
Batting: LHB Herman Hayes 0-0: Called Strike
0-1: SINGLE (Groundball, 5D)
Batting: LHB Ye Der 0-0: Ball
1-0: Called Strike
1-1: Foul Ball, location: 2F
1-2: Strikes out swinging
Batting: LHB Steve Cunningham 0-0: Ball
1-0: Foul Ball, location: 2F
1-1: Swinging Strike
1-2: Fly out, F5 (Popup, 5D)
Top of the 8th over - 0 run(s), 1 hit(s), 0 error(s), 1 left on base; Panama City 0 - Houston 1
BOTTOM OF THE 8TH
Houston 1837 BBC batting - Pitching for Panama City Piranhas : RHP Richard Sykes
Batting: RHB Eric Randolph 0-0: Ball
1-0: Foul Ball, location: 2F
1-1: Called Strike
1-2: Ball
2-2: Ground out U3 (Groundball, 3L)
Batting: LHB Mike Hanson 0-0: Swinging Strike
0-1: Hit by Pitch
Batting: LHB Jack Robbins 0-0: Ball
1-0: Fly out, F8 (Line Drive, 8LM)
Pinch Hitting: LHB Chris Rice 0-0: Swinging Strike
0-1: Ball
1-1: Swinging Strike
1-2: Fielders Choice at 2nd, U4 (Groundball, 4M)
Bottom of the 8th over - 0 run(s), 0 hit(s), 0 error(s), 1 left on base; Panama City 0 - Houston 1
TOP OF THE 9TH
Panama City Piranhas batting - Pitching for Houston 1837 BBC : RHP Toshiro Saikawa
Pitching: RHP Travis Hall
Now at 1B: Chris Rice
Batting: SHB Marc Talamante 0-0: Fly out, F9 (Line Drive, 89M)
Batting: RHB Brad Perry 0-0: Foul Ball, location: 2F
0-1: Foul Ball, location: 2F
0-2: Strikes out swinging
Batting: RHB Guillermo Montoya 0-0: Ball
1-0: Called Strike
1-1: SOLO HOME RUN (Flyball, 78XD), Distance : 436 ft
Batting: RHB Jeff Bass 0-0: Ball
1-0: Foul Ball, location: 2F
1-1: SINGLE (Line Drive, 56)
Batting: RHB Cliff Dixon 0-0: Fielders Choice at 2nd, 6-4 (Groundball, 6)
Top of the 9th over - 1 run(s), 2 hit(s), 0 error(s), 0 left on base; Panama City 1 - Houston 1
BOTTOM OF THE 9TH
Houston 1837 BBC batting - Pitching for Panama City Piranhas : RHP Richard Sykes
Batting: RHB Bob Dickerson 0-0: Ground out 4-3 (Groundball, 4)
Batting: LHB José Marín 0-0: Called Strike
0-1: Ball
1-1: Fly out, F9 (Line Drive, 9M)
Batting: LHB Mark McClear 0-0: Ball
1-0: Ball
2-0: Foul Ball, location: 2F
2-1: Ball
3-1: Called Strike
3-2: Base on Balls
Pitching: RHP Paco Vélez
Pinch Hitting: LHB Juan Rodríguez 0-0: Ball
1-0: Fly out, F8 (Flyball, 8LD)
Bottom of the 9th over - 0 run(s), 0 hit(s), 0 error(s), 1 left on base; Panama City 1 - Houston 1
TOP OF THE 10TH
Panama City Piranhas batting - Pitching for Houston 1837 BBC : RHP Travis Hall
Now in LF: Juan Rodríguez
Batting: LHB Francisco Sánchez 0-0: Foul Ball, location: 2F
0-1: DOUBLE (Line Drive, 9LM)
Batting: LHB Herman Hayes 0-0: Called Strike
0-1: Ball
1-1: Ball
2-1: Ground out 5-3 (Groundball, 5S)
Francisco Sánchez to third
Batting: LHB Ye Der 0-0: Intentional Walk
Batting: LHB Steve Cunningham 0-0: Ball
1-0: Ball
2-0: Grounds into double play, 1-6-3 (Groundball, 15)
Top of the 10th over - 0 run(s), 1 hit(s), 0 error(s), 1 left on base; Panama City 1 - Houston 1
BOTTOM OF THE 10TH
Houston 1837 BBC batting - Pitching for Panama City Piranhas : RHP Paco Vélez
Batting: RHB Kumanosuke Abe 0-0: Ball
1-0: Called Strike
1-1: Ball
2-1: Ball
3-1: Called Strike
3-2: Strikes out swinging
Batting: RHB Eric Randolph 0-0: Ball
1-0: Ball
2-0: Ball
3-0: Called Strike
3-1: Foul Ball, location: 2F
3-2: Base on Balls
Batting: LHB Mike Hanson 0-0: Foul Ball, location: 2F
0-1: Called Strike
0-2: Foul Ball, location: 2F
0-2: Foul Ball, location: 2F
0-2: Ball
1-2: Ball
2-2: Ground out U3 (Groundball, 3)
Eric Randolph to second
Batting: LHB Jack Robbins 0-0: Ball
1-0: Fly out, F8 (Flyball, 8LXD)
Bottom of the 10th over - 0 run(s), 0 hit(s), 0 error(s), 1 left on base; Panama City 1 - Houston 1
TOP OF THE 11TH
Panama City Piranhas batting - Pitching for Houston 1837 BBC : RHP Travis Hall
Pitching: RHP Francisco Valdés
Batting: SHB Marc Talamante 0-0: Called Strike
0-1: Foul Ball, location: 2F
0-2: Ball
1-2: Foul Ball, location: 2F
1-2: Strikes out looking
Pitching: RHP Nelle Liefting
Batting: RHB Brad Perry 0-0: Ball
1-0: Called Strike
1-1: Ball
2-1: Swinging Strike
2-2: SINGLE (Line Drive, 6MD)
Batting: RHB Guillermo Montoya 0-0: Ball
1-0: Called Strike
1-1: Swinging Strike
1-2: Ball
2-2: Ball
3-2: Base on Balls
Brad Perry to second
Batting: RHB Jeff Bass 0-0: Ball
1-0: Swinging Strike
1-1: Foul Ball, location: 2F
1-2: Foul Ball, location: 2F
1-2: Ball
2-2: Foul Ball, location: 2F
2-2: Ball
3-2: Base on Balls
Brad Perry to third
Guillermo Montoya to second
Batting: RHB Cliff Dixon 0-0: Ball
1-0: Called Strike
1-1: Foul Ball, location: 2F
1-2: Ball
2-2: Ball
3-2: Strikes out looking
Batting: LHB Francisco Sánchez 0-0: Ball
1-0: Called Strike
1-1: Called Strike
1-2: Strikes out swinging
Top of the 11th over - 0 run(s), 1 hit(s), 0 error(s), 3 left on base; Panama City 1 - Houston 1
BOTTOM OF THE 11TH
Houston 1837 BBC batting - Pitching for Panama City Piranhas : RHP Paco Vélez
Batting: LHB Chris Rice 0-0: Fly out, F7 (Flyball, 7M)
Batting: RHB Bob Dickerson 0-0: Ball
1-0: Foul Ball, location: 2F
1-1: Ball
2-1: Ball
3-1: Base on Balls
Batting: LHB José Marín 0-0: Ball
1-0: Ground out 1-3 (Groundball, 4S)
Bob Dickerson to second
Batting: LHB Mark McClear 0-0: Ball
1-0: Ball
2-0: Ball
3-0: Base on Balls
Batting: LHB Juan Rodríguez 0-0: Ball
1-0: SINGLE (Line Drive, 9LS)
Bob Dickerson to third
Mark McClear to second
Batting: RHB Kumanosuke Abe 0-0: SINGLE (Flyball, 8LS)
Bob Dickerson scores
This league is powered by Out of the Park Baseball, the baseball management simulation game for PC, Mac and Linux
Friday, April 15th, 2016 - OOTP Baseball 16.9 Build 39